 Dungeon Crawl Stone Soup version 0.25-a0-503-ge281fa673e (webtiles) character file.

Game seed: 7050315686356161991, levelgen mode: classic

315 EnegeticOcto the Chopper (level 6, 31/56 HPs)
             Began as a Deep Dwarf Fighter on Feb 13, 2020.
             Quit the game in the Ecumenical Temple.
             The game lasted 00:01:31 (1479 turns).

EnegeticOcto the Chopper (Deep Dwarf Fighter)       Turns: 1479, Time: 00:01:32

Health: 31/56      AC: 14    Str: 21    XL:     6   Next: 20%
Magic:  15/15 (6)  EV:  5    Int:  9    God:
Gold:   98         SH:  9    Dex: 12    Spells: 5/5 levels left

rFire    . . .     SeeInvis .   a - +1 war axe
rCold    . . .     Gourm    .   p - +0 kite shield of Axulur {-Cast rN+ MP+9} (curse)
rNeg     + . .     Faith    .   q - +0 plate armour
rPois    .         Spirit   .   m - +0 helmet
rElec    .         Reflect  .   n - +0 cloak
rCorr    .         Harm     .   (no gloves)
MR       .....     NoCast   +   (no boots)
Stlth    ..........             (no amulet)
HPRegen  0.00/turn              (no ring)
MPRegen  0.14/turn              (no ring)

@: non-regenerating
A: damage resistance, heal wounds, sense surroundings 1, no regeneration
a: Heal Wounds


You were in the Ecumenical Temple.
You were not hungry.

You visited 2 branches of the dungeon, and saw 7 of its levels.

You collected 144 gold pieces.
You spent 46 gold pieces at shops.

Inventory:

Hand Weapons
 a - a +1 war axe (weapon)
Armour
 b - a +0 scale mail
 c - a +0 kite shield
 m - a +0 helmet (worn)
 n - a +0 cloak (worn)
 p - the cursed +0 kite shield of Axulur (worn) {-Cast rN+ MP+9}
   (You found it on level 4 of the Dungeon)

   It protects you from negative energy.
   It affects your magic capacity (+9).
   It prevents spellcasting.
   It has a curse placed upon it.
 q - a +0 plate armour (worn)
Wands
 r - a wand of enslavement (8)
 t - a wand of flame (11)
Scrolls
 g - 6 scrolls of teleportation {@r2}
 h - 2 scrolls of remove curse {unknown}
 s - a scroll of fear {unknown}
Potions
 d - a potion of might {@q3}
 i - a potion of agility {unknown}
 j - a potion of resistance {@q6}
 k - a potion of flight
 l - a potion of heal wounds {@q2}
 o - 2 potions of magic {unknown}
 u - 2 potions of curing {unknown}
Comestibles
 e - 5 rations
 f - 2 chunks of flesh


   Skills:
 + Level 3.5 Fighting
 * Level 4.6 Axes
 + Level 4.3 Armour
 + Level 2.3 Dodging
 + Level 4.3 Shields


You had 5 spell levels left.
You didn't know any spells.
Your spell library was empty.

Dungeon Overview and Level Annotations

Branches:
Dungeon (6/15)             Temple (1/1) D:6

Altars:
Ashenzari
Dithmenos
Elyvilon
Fedhas
Kikubaaqudgha
Qazlal
Ru
Sif Muna
Trog
Vehumet
Wu Jian
Yredelemnul
Zin
The Shining One

Shops:
D:6 *


Innate Abilities, Weirdness & Mutations

You are resistant to damage.
You can heal yourself by infusing magical energy.
You passively map a small area around you.
You do not regenerate.


Message History

You closely miss Blork the orc. You block Blork the orc's attack.
You slash Blork the orc!
Blork the orc is moderately wounded.
Blork the orc repeatedly yells encouragement to no one in particular.
You block Blork the orc's attack.
You closely miss Blork the orc.
Blork the orc is moderately wounded.
Blork the orc barely misses you.
You slash Blork the orc!
Blork the orc is almost dead.
Blork the orc hits you with a +0 glaive.
You hit Blork the orc.
You kill Blork the orc!
You have reached level 6!
Your experience leads to an increase in your attributes!
Increase (S)trength, (I)ntelligence, or (D)exterity?
You feel stronger.
You butcher the quokka corpse.
f - 6 chunks of flesh (gained 1)
You see here a quokka skeleton. x2
t - a wand of flame (11);
u - 2 bubbling sapphire potions
Things that are here:
a +0 glaive; a +0 robe
Found Josil's Assorted Antiques.
Found a stone staircase leading down.
There is an entrance to Josil's Assorted Antiques here.
g - 6 scrolls labeled PIETSOA IJAUQ (gained 1)
g - 7 scrolls labeled PIETSOA IJAUQ (gained 1) Thank you for shopping at Josil's Assorted Antiques!
As you read the scroll labeled PIETSOA IJAUQ, it crumbles to dust.
You feel strangely unstable.
It was a scroll of teleportation.
Some of the chunks of flesh in your inventory have rotted away.
Your surroundings suddenly seem different.
An adder zombie comes into view.
Found a staircase to the Ecumenical Temple.
An adder zombie is nearby!
An adder zombie is nearby!
Your plate armour prevents you from hitting the adder zombie.
The adder zombie bites you.
You closely miss the adder zombie. The adder zombie bites you.
You block the adder zombie's attack.
You slash the adder zombie!
The adder zombie is heavily damaged.
The adder zombie bites you but does no damage.
You hit the adder zombie.
The adder zombie is severely damaged.
You block the adder zombie's attack.
The adder zombie bites you but does no damage.
You completely miss the adder zombie.
The adder zombie is severely damaged.
You block the adder zombie's attack.
You closely miss the adder zombie.
The adder zombie is severely damaged.
You block the adder zombie's attack.
The adder zombie bites you but does no damage.
You hit the adder zombie.
The adder zombie is severely damaged.
You block the adder zombie's attack.
You slash the adder zombie!
You destroy the adder zombie!
No target in view!
No target in view!
No target in view!
No target in view!
No target in view!
No target in view!
No target in view!
A giant cockroach comes into view.
The giant cockroach bites you but does no damage.
You closely miss the giant cockroach.
The giant cockroach bites you but does no damage. x2
You slash the giant cockroach!
You kill the giant cockroach!
No target in view!
No target in view!
No target in view!
No target in view!
No target in view!
No target in view!
An adder zombie comes into view.
There is a staircase to the Ecumenical Temple here.
You climb downwards.
Welcome to the Ecumenical Temple!
Found six altars.
There is a staircase back to the Dungeon here.
Found a radiant altar of Vehumet and a white marble altar of Elyvilon.
Found a shattered altar of Ashenzari.
Found a bloodstained altar of Trog.
There is a basalt altar of Yredelemnul here.
Found an ancient bone altar of Kikubaaqudgha.
Found a sacrificial altar of Ru.
There is a shimmering blue altar of Sif Muna here.
Found a stormy altar of Qazlal.
Found a glowing golden altar of the Shining One.
There is an ornate altar of the Wu Jian Council here.
Some of the chunks of flesh in your inventory have rotted away.
Done exploring.
Done exploring.
There is a staircase back to the Dungeon here.
Are you sure you want to abandon this character and quit the game? (Confirm with "yes".)
Okay, then.
Are you sure you want to abandon this character and quit the game? (Confirm with "yes".)

#≈≈≈.._.8...8._..§≈§#
#≈≈......._......§§§#
##≈.._..............§##
##≈..................§≈##
#≈.._..............._.§≈#
##≈...................§##
###8...............8###
##...................##
#≈.._......@......_..≈#
##...................##
###8...............8###
##≈...................≈##
#≈.._..............._..≈#
##≈...................≈##
##≈.............._..≈##
#≈§......._.......§§#
#§≈≈.._.8...8._..§§≈#


There were no monsters in sight!

Vanquished Creatures
  Blork the orc (D:6)
  A howler monkey (D:5)
  A crimson imp (D:5)
  2 hounds (D:5)
  An orc wizard (D:4)
  A worker ant (D:5)
  2 adders
  2 adder zombies
  3 worms
  2 leopard geckos
  2 orcs (D:4)
  4 giant cockroaches
  3 hobgoblins
  2 jackals (D:4)
  A kobold (D:1)
  2 quokkas
  A bat (D:1)
  A frilled lizard (D:5)
  A leopard gecko zombie (D:5)
  A quokka skeleton (D:5)
  3 rats (D:1)
37 creatures vanquished.

Notes
Turn   | Place    | Note
-------+----------+-------------------------------------------
     0 | D:1      | EnegeticOcto the Deep Dwarf Fighter began the quest for the
                  | Orb.
     0 | D:1      | Reached XP level 1. HP: 20/20 MP: 1/1
   192 | D:1      | Reached XP level 2. HP: 27/27 MP: 2/2
   485 | D:4      | Got a spiked kite shield
   499 | D:4      | Identified the cursed +0 kite shield of Axulur {-Cast rN+
                  | MP+9} (You found it on level 4 of the Dungeon)
   652 | D:4      | Reached XP level 3. HP: 33/33 MP: 3/3
   652 | D:4      | Reached skill level 1 in Dodging
   976 | D:5      | Entered Level 5 of the Dungeon
   987 | D:5      | Reached XP level 4. HP: 42/42 MP: 4/4
  1245 | D:5      | Reached XP level 5. HP: 42/49 MP: 5/5
  1362 | D:6      | Noticed Blork the orc
  1374 | D:6      | Killed Blork the orc
  1374 | D:6      | Reached XP level 6. HP: 33/56 MP: 6/6
  1385 | D:6      | Found Josil's Assorted Antiques.
  1393 | D:6      | Bought a scroll labeled PIETSOA IJAUQ for 23 gold pieces
  1393 | D:6      | Bought a scroll labeled PIETSOA IJAUQ for 23 gold pieces
  1397 | D:6      | Found a staircase to the Ecumenical Temple.
  1415 | Temple   | Entered the Ecumenical Temple
  1479 | Temple   | Quit the game

Levels and vault maps discovered:
D:1:      lightli_arrival_isolated_outpost, layout_basic
D:2:      layout_loops_ring, nicolae_overflow_hidden_temple,
          lemuel_coloured_pillars_altar, lemuel_round_altar
D:3:      layout_basic, uniq_ijyb
D:4:      layout_basic
D:5:      layout_gridville, first_ration
D:6:      layout_layer_cave, minmay_temple_entry_ruins, serial_shops, shop,
          kennysheep_little_box, cheibrodos_ashenzari_chains,
          uniq_blork_the_orc, uniq_prince_ribbit1
Temple:   eino_temple_lava

Skill      XL: |  1  2  3  4  5 |
---------------+----------------+-----
Fighting       | 3 |  3.5
Axes           | 3 4 |  4.6
Dodging        | 1 2 |  2.3
Armour         | 4 |  4.3
Shields        | 4 |  4.3

Action                   |  1- 3 |  4- 6 || total
-------------------------+-------+-------++-------
Melee: War axe           |    40 |    70 ||   110
  Use: Scroll            |     5 |     1 ||     6
  Eat: Chunk             |       |     2 ||     2
Armor: Scale mail        |    18 |       ||    18
       Plate armour      |     5 |    43 ||    48
Dodge: Dodged            |     9 |    10 ||    19
Block: Kite shield       |    23 |    30 ||    53

Table legend:
 A = Non-vault XP
 B = Vault XP
 C = Vault XP percentage of total XP
 D = Non-vault monster count
 E = Vault monster count
 F = Vault count percentage of total count
                 A         B        C        D         E       F
            +---------+---------+-------+---------+---------+-------
      Total |     357 |      94 |  20.8 |      36 |       1 |   2.7
            +---------+---------+-------+---------+---------+-------
        D:1 |      12 |       0 |   0.0 |       8 |       0 |   0.0
        D:2 |       4 |       0 |   0.0 |       2 |       0 |   0.0
        D:3 |      15 |       0 |   0.0 |       2 |       0 |   0.0
        D:4 |      60 |       0 |   0.0 |       8 |       0 |   0.0
        D:5 |     256 |       0 |   0.0 |      13 |       0 |   0.0
        D:6 |      10 |      94 |  90.4 |       3 |       1 |  25.0
            +---------+---------+-------+---------+---------+-------
